Map: Newkirk Precinct TE (Void)

Players

Railgan - Winner!

  • Race: Terran Terran
  • League: Grandmaster
  • Spawn Location: 5:00

Azas

  • Race: Protoss Protoss
  • League: Master
  • Spawn Location: 7:00

VOD

Have the link to the VOD?

Description

Time

  • Played on: March 5, 2017, 9:17 a.m.
  • Length: 11:15
Show
View Real Time Build Order
Export as new Build Order

Railgan Terran - Winner!

Build Orders: MMM Bio 

Get SALT Encoding   

  12  0:02  SCV  
  13  0:14  SCV  
  14  0:18  Supply Depot  
  14  0:26  SCV  
  15  0:40  SCV  
  16  0:43  Barracks  
  16  0:51  Refinery  
  16  0:52  SCV  
  17  1:04  SCV  
  17  1:11  Supply Depot  
  18  1:16  SCV  
  19  1:28  SCV  
  20  1:35  Reaper  
  21  1:40  Orbital Command  
  21  1:53  Command Center  
  21  2:03  Refinery  
  21  2:07  Marine  
  22  2:10  SCV  
  23  2:17  Factory  
  24  2:22  SCV  
  24  2:27  Supply Depot  
  24  2:35  SCV  
  24  2:36  Barracks Tech Lab  
  25  2:47  SCV  
  25  2:55  Marine  
  25  2:57  Stimpack  
  26  2:59  SCV  
  26  3:03  Cyclone  
  30  3:10  Orbital Command  
  30  3:11  SCV  
  31  3:13  Marine  
  32  3:22  Engineering Bay  
  32  3:23  SCV  
  33  3:35  SCV  
  34  3:42  SCV  
  34  3:47  SCV  
  36  3:49  Marine  
  36  3:50  Starport  
  36  3:52  Widow Mine  
  36  3:53  Orbital Command  
  39  4:00  Terran Infantry Weapons Level 1  
  39  4:02  Missile Turret  
  39  4:11  SCV  
  40  4:19  Missile Turret  
  40  4:23  SCV  
  41  4:24  SCV  
  41  4:29  Viking  
  43  4:36  SCV x2  
  43  4:39  Missile Turret  
  43  4:48  SCV x2  
  45  4:53  Factory Reactor  
  45  4:56  Barracks x2  
  45  4:57  Barracks  
  43  5:00  SCV x2  
  45  5:12  SCV x2  
  45  5:13  Refinery x2  
  47  5:15  Supply Depot x2  
  47  5:16  Starport Reactor  
  47  5:24  SCV  
  47  5:25  SCV  
  49  5:30  Barracks, Combat Shields  
  49  5:31  Marine  
  50  5:36  SCV  
  50  5:37  SCV  
  50  5:39  Widow Mine  
  50  5:40  Widow Mine  
  56  5:46  Barracks Tech Lab  
  56  5:47  Barracks Reactor x2  
  56  5:48  SCV  
  57  5:52  SCV  
  57  5:54  Terran Infantry Armor Level 1  
  58  5:57  Barracks  
  56  6:05  SCV x2  
  58  6:12  Widow Mine x2  
  62  6:19  Medivac x2  
  62  6:20  Concussive Shells  
  62  6:22  Marauder  
  62  6:25  Supply Depot x2  
  68  6:26  Barracks Tech Lab  
  68  6:27  SCV  
  67  6:34  SCV  
  67  6:39  SCV  
  69  6:41  Widow Mine  
  69  6:46  SCV  
  72  6:50  Widow Mine  
  72  6:51  Marine x3  
  72  6:52  Marauder x3, SCV  
  84  6:55  Medivac  
  84  6:58  Medivac  
  88  7:04  Supply Depot  
  88  7:06  Supply Depot  
  88  7:07  Supply Depot  
  88  7:09  Supply Depot  
  88  7:10  Widow Mine  
  90  7:18  Marine x2, Marauder  
  90  7:21  Barracks Reactor  
  94  7:25  Marine x2  
  94  7:26  Marauder  
  90  7:41  Widow Mine  
  90  7:42  Widow Mine  
  90  7:43  Marine x3  
  92  7:45  Marauder  
  92  7:51  Marauder  
  87  8:01  Marine, Marauder  
  87  8:02  Marine x5  
  87  8:03  Medivac x2  
  99  8:06  Marauder  
  99  8:12  Widow Mine x2, Marauder  
  103  8:19  Marine, Armory  
  107  8:20  Marine  
  107  8:23  Marauder  
  111  8:29  Marine x2  
  111  8:30  Marauder  
  111  8:33  Marine x2  
  111  8:34  Marauder  
  119  8:37  Marine  
  119  8:38  Marine, Supply Depot  
  119  8:41  Widow Mine  
  121  8:44  Marauder  
  121  8:47  Marine  
  126  9:00  Marauder  
  128  9:07  Marine  
  128  9:08  Marine, Marauder x2  
  134  9:10  Command Center  
  134  9:18  Marine  
  134  9:19  Marine  
  134  9:21  Marauder  
  134  9:24  Marine  
  130  9:27  SCV x2  
  130  9:29  Marauder  
  130  9:30  Marauder  
  128  9:34  Marine  
  120  9:39  SCV x2  
  120  9:43  Marauder  
  124  9:51  Marauder x2, SCV  
  129  9:55  SCV  
  130  10:00  Marine  
  130  10:02  Marine  
  130  10:03  SCV  
  133  10:07  SCV  
  133  10:11  Supply Depot  
  134  10:21  Widow Mine, Marauder x3  
  110  10:56  Marine  
  108  10:57  Marine  
Show
View Real Time Build Order
Export as new Build Order

Azas Protoss 

Build Orders: 1 Gate Expand, Oracle Opening, Phoenix Opening 

Get SALT Encoding   

  12  0:00  Probe (Chrono Boost)  
  13  0:11  Probe (Chrono Boost)  
  14  0:19  Pylon  
  14  0:23  Probe (Chrono Boost)  
  15  0:38  Probe (Chrono Boost)  
  15  0:40  Gateway  
  16  0:48  Probe (Chrono Boost)  
  17  0:52  Assimilator  
  17  0:59  Probe (Chrono Boost)  
  18  1:09  Probe (Chrono Boost)  
  19  1:26  Nexus  
  19  1:35  Cybernetics Core  
  19  1:42  Assimilator  
  19  1:44  Probe (Chrono Boost)  
  20  1:55  Probe (Chrono Boost)  
  20  2:01  Pylon  
  21  2:05  Probe (Chrono Boost)  
  22  2:18  Adept  
  22  2:20  Stargate  
  24  2:24  Probe (Chrono Boost)  
  26  2:37  Probe (Chrono Boost)  
  26  2:44  Probe (Chrono Boost)  
  26  2:45  Warp Gate  
  26  2:51  Adept  
  25  2:56  Mothership Core (Chrono Boost)  
  29  3:01  Probe (Chrono Boost)  
  30  3:11  Probe (Chrono Boost)  
  32  3:20  Probe (Chrono Boost)  
  32  3:21  Oracle  
  32  3:24  Pylon  
  32  3:25  Pylon  
  35  3:30  Pylon  
  35  3:33  Probe (Chrono Boost)  
  35  3:43  Probe (Chrono Boost)  
  36  3:49  Probe (Chrono Boost)  
  36  3:51  Robotics Facility  
  36  3:53  Probe (Chrono Boost)  
  38  3:57  Phoenix  
  38  4:00  Probe (Chrono Boost)  
  41  4:07  Probe (Chrono Boost)  
  42  4:13  Gateway, Probe (Chrono Boost)  
  43  4:19  Probe (Chrono Boost)  
  44  4:25  Phoenix  
  46  4:41  Gateway  
  46  4:44  Pylon  
  46  4:49  Pylon  
  46  5:02  Immortal, Phoenix, Probe (Chrono Boost)  
  46  5:04  Pylon  
  53  5:11  Forge  
  53  5:12  Forge  
  53  5:15  Assimilator  
  53  5:20  Adept  
  55  5:23  Adept  
  57  5:31  Phoenix  
  59  5:37  Probe (Chrono Boost)  
  59  5:38  Probe (Chrono Boost)  
  59  5:39  Twilight Council  
  61  5:45  Assimilator  
  61  5:48  Probe (Chrono Boost)  
  61  5:49  Pylon  
  62  5:52  Probe (Chrono Boost)  
  62  5:56  Protoss Ground Weapons Level 1  
  63  5:59  Probe (Chrono Boost)  
  64  6:04  Resonating Glaives  
  64  6:05  Probe (Chrono Boost)  
  64  6:07  Stalker x2  
  71  6:26  Probe x2 (Chrono Boost)  
  71  6:38  Adept x2, Probe x2 (Chrono Boost)  
  77  6:41  Observer  
  78  6:56  Pylon  
  78  6:58  Pylon  
  78  7:00  Pylon  
  78  7:03  Protoss Ground Armor Level 1  
  78  7:06  Nexus  
  78  7:07  Gateway  
  78  7:09  Gateway  
  80  7:16  Probe x2 (Chrono Boost)  
  80  7:22  Pylon  
  80  7:24  Adept  
  80  7:25  Pylon, Adept x2  
  80  7:28  Probe (Chrono Boost)  
  76  7:46  Phoenix  
  76  7:48  Nexus  
  76  7:53  Probe x2 (Chrono Boost)  
  74  8:00  Protoss Ground Weapons Level 2  
  74  8:02  Adept x3  
  74  8:03  Warp Prism  
  82  8:11  Phoenix  
  86  8:13  Probe x2 (Chrono Boost)  
  86  8:25  Photon Cannon  
  86  8:26  Templar Archives  
  86  8:29  Probe (Chrono Boost)  
  87  8:36  Pylon  
  87  8:37  Assimilator  
  87  8:40  Probe (Chrono Boost)  
  88  8:43  Observer, Assimilator  
  89  8:53  Stalker  
  89  8:54  Stalker  
  95  9:04  Probe x2 (Chrono Boost)  
  95  9:13  Adept x2  
  95  9:14  Adept  
  95  9:15  Pylon  
  97  9:19  Psionic Storm  
  89  9:30  Probe x2 (Chrono Boost)  
  81  9:41  Phoenix  
  81  9:42  Probe (Chrono Boost)  
  80  9:50  Probe (Chrono Boost)  
  80  9:51  High Templar x2  
  80  9:52  High Templar x2  
  89  9:53  High Templar  
  89  9:55  Probe (Chrono Boost)  
  89  9:57  Pylon, Immortal  
  89  9:59  Pylon  
  92  10:02  Pylon, Probe (Chrono Boost)  
  92  10:07  Probe (Chrono Boost)  
  99  10:14  Probe (Chrono Boost)  
  99  10:24  Adept x3  
  99  10:25  Adept x2  
  106  10:40  Nexus  
  106  10:42  Pylon  
  104  10:43  Pylon  
  100  10:54  Archon x2  
  100  10:55  Adept x4  
  75  11:10  Adept  
Tags
 
Add a new tag
Caveats
  • Supply blocks, unpowered buildings, or Contaminate may cause inaccurate times.
  • Supply counts are checked every 10 seconds.